Unix NetHack Version 5.0.0-0 post-release - last build Jun 10 2026 00:39:30 (3ee93aec679c4c4259841fe613dc97188e26a321,branch:main).

Game began 2026-06-28 19:43:38, ended 2026-06-29 15:06:47.

Japes, lawful male human Monk

                        ---------------------------------#
                        |...............................|#
                        |.---------------.-----------...|#
                        |.|.)!%|...|((((|.|    |(((.|...|#
                        |.-.(**|...|(((.|.|    |(((.|...|#
                        |.|.?()|...|.((.-.+    |(((.-...|#
                        |.--------|------.----------|...|#
                        |.............{....|....|%!]|...|#
                        |....--|----.......|.._.|%%%|...|#
                        |....|..|  |.......|....|!%%|...|#
    -------.---         |....|..|  |......{|....|...|...|# ## ----.-.----
    |.........|####     |....-----+-.......--|-----|-...|####@f..e......|
    |.........-#########|.................%..............#    |.>.......|
    |.........|        #|.----..----....-----|-|-----...|     |.........|
    |.........|        #|.|..|..|..|....-..|..|..|..|...|  ###..........|
    |..<......|        #|.-..|..|..-....|..|..|..|..-...|#%#  |.........|
    -----------        #---------------------------------#    -----------
                       ###############################%###

Japes the Initiate              St:16 Dx:15 Co:15 In:9 Wi:10 Ch:11  Lawful
Dlvl:7  $:109 HP:0(42) Pw:32(32) AC:3  Xp:6/347 T:2209 

Latest messages:
 In a cloud of smoke, a djinni emerges!
 The djinni speaks.
 "I am in your debt.  I will grant one wish!"
 You may wish for an object.
 Q - a stained spellbook.
 What do you want to wield? [- B or ?*]
 You are empty handed.
 What do you want to read? [Q or ?*]
 You begin to memorize the runes.
 You add the "identify" spell to your repertoire, as 'c'.
 What do you want to use or apply? [bjnHPQ or ?*]
 You put a spellbook of identify into the bag.
 What do you want to use or apply? [bjnHP or ?*]
 You put a blessed lamp into the bag.
 You put a magic marker (0:21) into the bag.
 You find a hidden passage.
 You are hit by a stout spear!
 You begin striking monsters with your gloved hands.
 You feel more confident in your fighting skills.
 (Tip: use the #enhance command to advance them.)
 You hit the dwarf!
 You kill the dwarf!
 $ - 16 gold pieces (109 in total).
 R - a broad short sword.
 S - a dwarvish iron helm.
 T - a pair of iron shoes.
 U - a corroded dwarvish roundshield.
 You see here a stout spear.
 V - a stout spear.
 The jaguar hits!
 The jaguar hits again!
 The jaguar bites!
 The jaguar hits!
 The jaguar hits again!
 The jaguar bites!
 You hit the jaguar!
 The jaguar hits!
 The jaguar hits again!
 The jaguar bites!
 #
 Are you sure you want to pray? [yn] (n)
 You begin praying to Shan Lai Ching.
 The jaguar hits!
 The jaguar hits again!
 The jaguar bites!
 The jaguar hits!
 The jaguar hits again!
 You die...
 Do you want your possessions identified? [ynq] (y)
 Do you want to see your attributes? [ynq] (y)

Inventory:
 Coins    ('$')
  $ - 109 gold pieces
 Weapons  (')')
  V - a +0 dwarvish spear
  B - a +0 orcish dagger
  R - a +1 dwarvish short sword
 Armor    ('[')
  S - an uncursed +0 dwarvish iron helm
  t - an uncursed +0 orcish helm (being worn)
  a - an uncursed +2 pair of leather gloves (being worn)
  T - an uncursed +0 pair of iron shoes
  U - an uncursed corroded +0 dwarvish roundshield
  N - an uncursed +1 robe (being worn)
 Tools    ('(')
  b - an uncursed bag of holding containing 25 items
  H - an uncursed magic whistle
  n - an uncursed skeleton key

Contents of the bag of holding:
  a cursed -1 long sword
  5 uncursed apples
  5 uncursed food rations
  3 uncursed fortune cookies
  6 uncursed oranges
  2 uncursed tripe rations
  2 uncursed eggs
  an uncursed scroll of create monster
  2 uncursed scrolls of teleportation
  an uncursed spellbook of healing
  a blessed spellbook of identify
  a blessed spellbook of protection
  an uncursed potion of booze
  4 uncursed potions of healing
  an uncursed potion of see invisible
  2 uncursed potions of water
  a magic marker (0:21)
  a blessed oil lamp
  an uncursed garnet stone
  an uncursed jasper stone
  an uncursed worthless piece of black glass
  an uncursed worthless piece of blue glass
  an uncursed worthless piece of green glass
  an uncursed worthless piece of violet glass
  an uncursed worthless piece of yellowish brown glass

Japes the Monk's attributes:

Background:
 You were an Initiate, a level 6 male human Monk.
 You were lawful, on a mission for Shan Lai Ching
 who was opposed by Chih Sung-tzu (neutral) and Huan Ti (chaotic).
 You were right-handed.
 You were in the Gnomish Mines, on level 7.
 You entered the dungeon 2209 turns ago.
 There was a full moon in effect when your adventure ended.
 You had 347 experience points, 293 more were needed to attain level 7.

Basics:
 You had 0 out of 42 hit points.
 You had all 32 energy points (spell power).
 Your armor class was 3.
 Your wallet contained 109 zorkmids.
 Autopickup was on for '$' plus thrown.

Final Characteristics:
 Your strength was 16 (limit:18/100).
 Your dexterity was 15 (limit:18).
 Your constitution was 15 (limit:18).
 Your intelligence was 9 (limit:18).
 Your wisdom was 10 (limit:18).
 Your charisma was 11 (limit:18).

Final Status:
 You weren't hungry.
 You were unencumbered.
 You were empty handed.
 You had basic skill with martial arts and could have enhanced that.

Final Attributes:
 You were piously aligned.
 You were sleep resistant.
 You were poison resistant.
 You saw invisible.
 You were stealthy.
 You were guarded.
 Your spell casting was enhanced by wearing a robe.
 You were fast.
 You were lucky.
 You are dead.

Miscellaneous:
 You didn't encounter any bones levels.
 Total elapsed playing time was 52 minutes and 20 seconds.

Major events:
 Turn
    1: Japes the lawful male human Monk entered the dungeon
 1076: entered the Gnomish Mines
 1076: attained the rank of Novice (level 3)
 1936: reached Mine Town
 1953: attained the rank of Initiate (level 6)
 2155: made his first wish - "blessed spellbook of identify", got "a stained spellbook"
 2209: killed by a jaguar, while praying

Spells:
 Name                 Level Category     Fail Retention
 protection             1   clerical       0%  76%-100%
 healing                1   healing        0%  91%-100%
 identify               3   divination    92%  76%-100%

Skills:
 Fighting Skills
   martial arts       [Basic]
 Weapon Skills
   quarterstaff       [Unskilled]
   spear              [Unskilled]
   crossbow           [Unskilled]
   shuriken           [Unskilled]
 Spellcasting Skills
   attack spells      [Unskilled]
   healing spells     [Basic]
   divination spells  [Unskilled]
   enchantment spells [Unskilled]
   clerical spells    [Unskilled]
   escape spells      [Unskilled]
   matter spells      [Unskilled]

Voluntary challenges:
 Character rerolling was not enabled.
 You followed a strict vegan diet.
 You never hit with a wielded weapon.
 You never genocided any monsters.
 You never polymorphed an object.
 You never changed form.
 You used 1 wish.
 You did not wish for any artifacts.
Achievements:
 You entered a shop.
 You entered the Gnomish Mines.
 You attained the rank of Novice.
 You entered Minetown.
 You attained the rank of Initiate.
 You entered a temple.

 The Dungeons of Doom: levels 1 to 5
    Level 1:
    Level 2:
    Level 3:
       A general store.
    Level 4:
       A fountain.
       Stairs down to The Gnomish Mines.
    Level 5:
 The Gnomish Mines: levels 5 to 8
    Level 5:
    Level 6:
    Level 7: <- You were here.
       Many shops, a temple and an altar to Shan Lai Ching, some fountains.
       Final resting place for
          you, killed by a jaguar, while praying.
    Level 8:


Vanquished creatures:
  3 gnome leaders
  a gnomish wizard
  a gray ooze
  2 giant ants
  a dwarf
  a kobold shaman
  a rothe
  a giant bat
  a large kobold
 22 gnomes
  9 jackals
  2 foxes
  2 goblins
  9 grid bugs
  a lichen
  4 newts
61 creatures vanquished.

No species were genocided or became extinct.

Game over:
                       ----------
                      /          \
                     /    REST    \
                    /      IN      \
                   /     PEACE      \
                  /                  \
                  |      Japes       |
                  |      109 Au      |
                  |   killed by a    |
                  |      jaguar      |
                  |                  |
                  |                  |
                  |       2026       |
                 *|     *  *  *      | *
        _________)/\\_//(\/(/\)/\//\/|_)_______

Goodbye Japes the Monk...

You died in The Gnomish Mines on dungeon level 7 with 1847 points,
and 109 pieces of gold, after 2209 moves.
You were level 6 with a maximum of 42 hit points when you died.

